[Event "Titled Tuesday Blitz April 19 Early 2022"]
[White "Demchenko, Anton"]
[Black "Mokshanov, Alexey"]
[WhiteFideId "4160258"]
[BlackFideId "24121657"]
[WhiteElo "2539"]
[BlackElo "2141"]
[Result "1-0"]
[Round "04"]
[TimeControl "180+1"]
[Date "2022.04.19"]
[WhiteClock "0:00:04"]
[BlackClock "0:00:01"]

1. e4 e6 2. d4 d5 3. Nd2 Nf6 4. e5 Nfd7 5. c3 c5 6. f4 Nc6 7. Ndf3 Qb6 8. g3 cxd4 9. cxd4 f6 10. Bd3 Be7 11. Kf1 O-O 12. Kg2 a5 13. h4 f5 14. Ne2 a4 15. Ng5 Ndb8 16. Bc2 h6 17. Nf3 a3 18. bxa3 Bxa3 19. h5 Bxc1 20. Qxc1 Nb4 21. Bb3 N8c6 22. Rb1 Qa6 23. Nc3 Na5 24. Ba4 Nxa2 25. Qb2 Nxc3 26. Qxc3 Qe2+ 27. Kh3 Nc4 28. Rh2 Qe3 29. Qxe3 Nxe3 30. Bb5 Ra3 31. Nh4 Rd8 32. Ng6 Bd7 33. Bxd7 Rxd7 34. Rhb2 Ng4 35. Rxb7 Rxb7 36. Rxb7 Ra8 37. Re7 Kh7 38. Kg2 Ra2+ 39. Kf1 Ne3+ 40. Ke1 Nc2+ 41. Kd1 Ne3+ 42. Kc1 Ra8 43. Rxe6 Nf1 44. Nh4 Nxg3 45. Kd2 Ra2+ 46. Kd3 Ra3+ 47. Kc2 Ra4 48. Rd6 Rxd4 49. e6 Re4 50. Ng6 1-0


[Site "https://www.chess.com"]

[Event "Titled Tuesday Blitz April 19 Early 2022"]
[White "Di Nicolantonio, Lucas"]
[Black "Grischuk, Alexander"]
[WhiteFideId "680460"]
[BlackFideId "4126025"]
[WhiteElo "2381"]
[BlackElo "2762"]
[Result "0-1"]
[Round "04"]
[TimeControl "180+1"]
[Date "2022.04.19"]
[WhiteClock "0:00:02"]
[BlackClock "0:00:31"]

1. e4 e5 2. Nf3 Nc6 3. d4 exd4 4. Nxd4 Bb4+ 5. c3 Bc5 6. Nxc6 bxc6 7. Bc4 Qh4 8. O-O Nf6 9. Nd2 O-O 10. Nf3 Qxe4 11. Bd3 Qg4 12. Bg5 Nd5 13. h3 Qh5 14. c4 h6 15. Bd2 Nf6 16. Qc2 a5 17. a3 a4 18. Bc3 d6 19. Nd2 Be6 20. Bxf6 gxf6 21. Ne4 Bd4 22. Ng3 Qh4 23. Rad1 Qxg3 24. Bh7+ Kg7 25. Rxd4 Qe5 26. Rh4 f5 27. Qd2 Qf6 28. Qf4 Kxh7 0-1


[Site "https://www.chess.com"]

[Event "Titled Tuesday Blitz April 19 Early 2022"]
[White "Dreev, Aleksey"]
[Black "Mitrabha, Guha"]
[WhiteFideId "4100107"]
[BlackFideId "5057000"]
[WhiteElo "2625"]
[BlackElo "2468"]
[Result "0-1"]
[Round "04"]
[TimeControl "180+1"]
[Date "2022.04.19"]
[WhiteClock "0:00:09"]
[BlackClock "0:00:40"]

1. d4 Nf6 2. Nf3 c5 3. d5 b5 4. Bg5 g6 5. d6 Bg7 6. Nc3 O-O 7. dxe7 Qxe7 8. Nd5 Qd8 9. e3 Bb7 10. Bxf6 Bxf6 11. c3 b4 12. Rc1 bxc3 13. bxc3 Bg7 14. Bc4 d6 15. Qb3 Bc6 16. Bb5 Bb7 17. O-O Nd7 18. Bxd7 Qxd7 19. Rfd1 Rab8 20. Qa3 Bc6 21. Rd2 Qb7 22. Rcd1 Bxd5 23. Ne1 Be6 24. Rxd6 Rfc8 25. h3 Bf8 26. Ra6 c4 27. Qa5 Rc5 28. Qa4 Rd5 29. Rd4 Rxd4 30. exd4 Qe4 31. Qd1 Rb1 0-1


[Site "https://www.chess.com"]

[Event "Titled Tuesday Blitz April 19 Early 2022"]
[White "Dubov, Daniil"]
[Black "Abdrlauf, Elham"]
[WhiteFideId "24126055"]
[BlackFideId "1533533"]
[WhiteElo "2791"]
[BlackElo "2334"]
[Result "0-1"]
[Round "04"]
[TimeControl "180+1"]
[Date "2022.04.19"]
[WhiteClock "0:00:04"]
[BlackClock "0:00:07"]

1. d4 Nf6 2. Nf3 d5 3. c4 e6 4. g3 dxc4 5. Bg2 c5 6. O-O Nc6 7. Qa4 Bd7 8. Qxc4 b5 9. Qd3 c4 10. Qd1 Rc8 11. a3 Be7 12. Nc3 Na5 13. Ne5 O-O 14. Bf4 Be8 15. Rb1 Nb3 16. e3 a5 17. h4 Nd5 18. Qe2 b4 19. axb4 axb4 20. Nxd5 exd5 21. Rfd1 Ba4 22. Bh3 Rc7 23. Bf5 Na5 24. Re1 Nc6 25. Ra1 Bb5 26. Qg4 Bf6 27. Nd7 Rxd7 28. Bxd7 Nxd4 29. Ra7 Bxd7 30. Rxd7 Nf3+ 31. Kh1 Qc8 32. Rd1 h5 33. Qxf3 Qxd7 34. Rxd5 Qc6 35. e4 Bxb2 36. Rxh5 Re8 37. Rd5 Qe6 38. e5 c3 39. Rd6 Qc4 40. Rc6 Qd4 41. h5 b3 42. h6 c2 43. Qg4 Qd1+ 0-1


[Site "https://www.chess.com"]

[Event "Titled Tuesday Blitz April 19 Early 2022"]
[White "Gabdrakhmanov, Azat"]
[Black "Chigaev, Maksim"]
[WhiteFideId "34189197"]
[BlackFideId "4108116"]
[WhiteElo "2279"]
[BlackElo "2478"]
[Result "0-1"]
[Round "04"]
[TimeControl "180+1"]
[Date "2022.04.19"]
[WhiteClock "0:01:12"]
[BlackClock "0:01:36"]

1. e4 c5 2. Nf3 d6 3. d4 cxd4 4. Nxd4 Nf6 5. Nc3 a6 6. Be3 e5 7. Nb3 Be6 8. Qd2 Nbd7 9. O-O-O Rc8 10. f4 b5 11. f5 Bc4 12. g4 Nxg4 13. Rg1 Nxe3 14. Qxe3 Qc7 15. Bxc4 Qxc4 16. Rg2 Nf6 17. a3 g6 18. Kb1 Be7 19. fxg6 hxg6 20. Rf2 Ng4 21. Qg3 Nxf2 22. Qxf2 Rh4 23. Nd5 Rxe4 24. Nb6 Re2 0-1


[Site "https://www.chess.com"]

[Event "Titled Tuesday Blitz April 19 Early 2022"]
[White "Gorshtein, Ido"]
[Black "Vokhidov, Shamsiddin"]
[WhiteFideId "2815532"]
[BlackFideId "14204223"]
[WhiteElo "2415"]
[BlackElo "2611"]
[Result "0-1"]
[Round "04"]
[TimeControl "180+1"]
[Date "2022.04.19"]
[WhiteClock "0:00:52"]
[BlackClock "0:01:34"]

1. Nf3 d5 2. c4 d4 3. b4 f6 4. e3 e5 5. c5 a5 6. Bc4 axb4 7. Nxe5 fxe5 8. Qh5+ g6 9. Qxe5+ Qe7 10. Qxh8 Nf6 11. Bb2 Nc6 12. O-O Bf5 13. exd4 O-O-O 14. d5 Bg7 15. Qxg7 Qxg7 16. dxc6 Qe7 17. cxb7+ Kxb7 18. d4 Ne4 19. a3 Be6 20. Bxe6 Qxe6 21. axb4 Qb3 22. Bc1 Rxd4 23. f3 Rd1 0-1


[Site "https://www.chess.com"]

[Event "Titled Tuesday Blitz April 19 Early 2022"]
[White "Hnydiuk, Aleksander"]
[Black "Sarana, Alexey"]
[WhiteFideId "1109057"]
[BlackFideId "24133795"]
[WhiteElo "2374"]
[BlackElo "2666"]
[Result "0-1"]
[Round "04"]
[TimeControl "180+1"]
[Date "2022.04.19"]
[WhiteClock "0:00:01"]
[BlackClock "0:00:31"]

1. Nf3 d5 2. d4 Nf6 3. c4 e6 4. g3 Bb4+ 5. Bd2 Be7 6. Bg2 c6 7. O-O Nbd7 8. Qc2 b6 9. Bf4 Ba6 10. Nbd2 c5 11. Ne5 O-O 12. Nc6 Qe8 13. Qa4 Bb7 14. Nxe7+ Qxe7 15. dxc5 Nxc5 16. Qa3 Rfd8 17. b4 Nce4 18. Nxe4 Nxe4 19. cxd5 Bxd5 20. Rac1 a5 21. Qe3 Nd2 22. Rfd1 Nc4 23. Qc3 axb4 24. Qc2 b5 25. Bxd5 exd5 26. Rd4 h6 27. Rcd1 g5 28. Bc1 Rac8 29. Qb1 Qxe2 30. Bb2 Ne5 0-1


[Site "https://www.chess.com"]

[Event "Titled Tuesday Blitz April 19 Early 2022"]
[White "Horobetz, Graham"]
[Black "Svane, Frederik"]
[WhiteFideId "2047322"]
[BlackFideId "12923044"]
[WhiteElo "2604"]
[BlackElo "2459"]
[Result "0-1"]
[Round "04"]
[TimeControl "180+1"]
[Date "2022.04.19"]
[WhiteClock "0:00:14"]
[BlackClock "0:00:05"]

1. e4 c5 2. Nf3 e6 3. d4 cxd4 4. Nxd4 Nc6 5. Nb5 d6 6. Bf4 e5 7. Be3 Nf6 8. Bg5 Qa5+ 9. Bd2 Qd8 10. Bg5 Be6 11. Nd2 a6 12. Nc3 b5 13. a4 b4 14. Nd5 Bxd5 15. exd5 Ne7 16. Bxf6 gxf6 17. Nc4 Bg7 18. a5 O-O 19. Nb6 Ra7 20. Ra4 Qc7 21. Rxb4 Qc5 22. Ra4 Nc8 23. b4 Qc7 24. Nxc8 Rxc8 25. Bd3 e4 26. Be2 Qc3+ 27. Qd2 Qxc2 28. Bd1 Qc4 29. Be2 Qc1+ 30. Qd1 Qc3+ 31. Qd2 f5 32. Qxc3 Bxc3+ 33. Kd1 Rb8 34. g4 f4 35. Kc2 Rxb4 36. Rxb4 Bxb4 37. Rb1 Bxa5 38. f3 Rc7+ 39. Kd1 e3 40. Bxa6 Kg7 41. Bd3 Bc3 42. Ke2 Be5 43. h4 Ra7 44. Rc1 Ra2+ 45. Rc2 Ra1 46. Be4 Rg1 47. h5 Kf6 48. Kd3 h6 49. Ra2 Rd1+ 50. Ke2 Rh1 51. Kd3 Kg5 52. Ra7 Rd1+ 53. Kc2 Rd2+ 54. Kc1 Bb2+ 55. Kb1 e2 0-1


[Site "https://www.chess.com"]

[Event "Titled Tuesday Blitz April 19 Early 2022"]
[White "Ianov, Viktor"]
[Black "Makarian, Rudik"]
[WhiteFideId "14102730"]
[BlackFideId "44105681"]
[WhiteElo "2161"]
[BlackElo "2388"]
[Result "1-0"]
[Round "04"]
[TimeControl "180+1"]
[Date "2022.04.19"]
[WhiteClock "0:01:20"]
[BlackClock "0:00:01"]

1. Nf3 Nf6 2. g3 b5 3. Bg2 Bb7 4. Na3 a6 5. c4 b4 6. Nc2 e6 7. b3 Be7 8. a3 a5 9. axb4 axb4 10. Rxa8 Bxa8 11. Bb2 O-O 12. O-O c5 13. Qa1 Nc6 14. Rd1 d5 15. cxd5 exd5 16. d4 c4 17. bxc4 dxc4 18. d5 c3 19. dxc6 cxb2 20. Qb1 Qb6 21. Nfd4 b3 22. Ne3 Ba3 23. Nc4 Qb4 24. Nxa3 Qxa3 25. Rd2 Rd8 26. e3 Nd5 27. Qxb2 Qc5 28. Qxb3 Nc3 29. Rc2 Ne2+ 30. Rxe2 Qc1+ 31. Bf1 h5 32. h4 Rc8 33. Rc2 Qd1 34. Qd3 Qa1 35. Qc3 Qa4 36. Bg2 g6 37. Qc4 Qa1+ 38. Kh2 Qa3 39. Bd5 Qe7 40. Kg2 Qf6 41. e4 Qe7 42. Nf3 Kg7 43. Ng5 f6 44. Nf3 Qd6 45. Nd4 Qe5 46. Ne6+ Kh7 47. Qc5 Qa1 48. Qe7+ 1-0


[Site "https://www.chess.com"]

[Event "Titled Tuesday Blitz April 19 Early 2022"]
[White "Jaferian, Koosha"]
[Black "Oganian, Miran"]
[WhiteFideId "12507440"]
[BlackFideId "4122488"]
[WhiteElo "2030"]
[BlackElo "2357"]
[Result "0-1"]
[Round "04"]
[TimeControl "180+1"]
[Date "2022.04.19"]
[WhiteClock "0:00:01"]
[BlackClock "0:00:53"]

1. Nf3 d5 2. b3 Nf6 3. Bb2 c5 4. e3 Nc6 5. Be2 g6 6. d4 Bg7 7. dxc5 Qa5+ 8. Nbd2 Qxc5 9. O-O O-O 10. c4 dxc4 11. Nxc4 Rd8 12. Qc1 Bg4 13. Nce5 Qxc1 14. Raxc1 Nxe5 15. Bxe5 Rac8 16. Rfd1 Rxd1+ 17. Rxd1 Ne4 18. Bxg7 Kxg7 19. Bc4 Nd6 20. Rd4 Nxc4 21. bxc4 Be6 22. Nd2 b5 23. h4 bxc4 24. Ne4 c3 25. Rd1 c2 26. Rc1 Bxa2 27. Kf1 a5 28. Ke2 a4 29. Kd2 Bb1 30. Nc3 Rd8+ 31. Ke2 a3 32. Nxb1 Rd1 33. Rxc2 Rxb1 34. Kd2 Ra1 35. Kc3 a2 36. Kb3 Rg1 37. Kxa2 Rxg2 38. Kb3 Rh2 0-1


[Site "https://www.chess.com"]

[Event "Titled Tuesday Blitz April 19 Early 2022"]
[White "Jakubowski, Krzysztof"]
[Black "Indjic, Aleksandar"]
[WhiteFideId "1112848"]
[BlackFideId "911925"]
[WhiteElo "2365"]
[BlackElo "2616"]
[Result "1/2-1/2"]
[Round "04"]
[TimeControl "180+1"]
[Date "2022.04.19"]
[WhiteClock "0:00:08"]
[BlackClock "0:00:56"]

1. e4 c6 2. d4 d5 3. exd5 cxd5 4. Bd3 Nc6 5. c3 Nf6 6. Bf4 Bg4 7. Qb3 Qd7 8. Nd2 e6 9. Ngf3 Bd6 10. Bxd6 Qxd6 11. O-O O-O 12. Rfe1 Ne7 13. Ne5 Bf5 14. Bxf5 Nxf5 15. Qxb7 Rfb8 16. Qxf7+ Kh8 17. Qxf6 gxf6 18. Nf7+ Kg7 19. Nxd6 Nxd6 20. Rxe6 Rxb2 21. Rxd6 Rxd2 22. Rxd5 Rc8 23. Rd7+ Kg6 24. Rxa7 Rxc3 25. g3 Rcc2 26. Rf1 Rxd4 27. Kg2 Rdd2 28. a4 Ra2 29. a5 Rd5 30. a6 Rd6 31. Re1 Rdxa6 32. Rd7 Ra7 33. Rd4 R7a4 34. Rdd1 h5 35. Re3 R4a3 36. Re8 Ra8 37. Ree1 R8a5 38. Re6 Ra6 39. Rxa6 Rxa6 40. Kh3 Ra2 41. f3 Rf2 42. Rd3 Kg5 43. f4+ Kg6 44. Rd8 Kg7 45. Rd7+ Kg6 46. Ra7 Kh6 47. Ra6 Kg6 48. Rb6 Kg7 49. Rb5 Kg6 50. Rc5 Kh6 51. Rb5 Kg6 52. Rb1 Kh6 53. Rg1 Kg6 54. Rg2 Rf1 55. Re2 Rb1 56. Kg2 Kf5 57. h3 h4 58. gxh4 Kxf4 59. Rf2+ Ke5 60. h5 Rb8 61. Kg3 f5 62. Kh4 Kf6 63. h6 Kg6 64. Kg3 Rh8 65. Kf4 Rxh6 66. Rg2+ Kf6 67. Rg3 Rh4+ 68. Kf3 Ke5 69. Kg2 Ke4 70. Ra3 Rh7 71. Ra4+ Ke3 72. Ra3+ Kf4 73. Ra4+ Kg5 74. Kg3 Rc7 75. Ra3 Rc4 76. Rb3 Kf6 77. Kf3 Ke5 78. Rb5+ Kf6 79. Rb3 Ra4 80. Kg3 Kg5 81. Kf3 Rc4 82. Kg3 Rd4 83. Ra3 Rd1 84. Rb3 Rg1+ 85. Kf2 Ra1 86. Rc3 Kh4 87. Kf3 Rf1+ 88. Kg2 Rf4 89. Rf3 Kg5 90. Rxf4 Kxf4 91. Kf2 Ke4 92. h4 Kf4 93. h5 Kg5 94. Kf3 Kxh5 95. Kf4 Kg6 96. Kf3 Kf6 97. Kf4 Ke6 98. Kf3 Ke5 99. Ke3 f4+ 100. Kf3 Kf5 101. Kf2 Kg4 102. Kg2 f3+ 103. Kf2 Kf4 104. Kf1 Ke4 105. Kf2 Kf4 106. Kf1 Ke3 107. Ke1 f2+ 108. Kf1 Kf3 1/2-1/2


[Site "https://www.chess.com"]

[Event "Titled Tuesday Blitz April 19 Early 2022"]
[White "Jobava, Baadur"]
[Black "Brodowski, Piotr"]
[WhiteFideId "13601520"]
[BlackFideId "1124480"]
[WhiteElo "2617"]
[BlackElo "2422"]
[Result "1/2-1/2"]
[Round "04"]
[TimeControl "180+1"]
[Date "2022.04.19"]
[WhiteClock "0:01:00"]
[BlackClock "0:00:07"]

1. b3 Nf6 2. Bb2 g6 3. c4 Bg7 4. g3 O-O 5. Bg2 c5 6. Nf3 Nc6 7. O-O d6 8. d4 cxd4 9. Nxd4 Bd7 10. Nc3 Rc8 11. Rc1 a6 12. e3 h5 13. h3 Kh7 14. Re1 Qb6 15. Kh2 Nxd4 16. exd4 e6 17. Rc2 Rfe8 18. Bc1 Qc7 19. Bg5 Ng8 20. Rc1 Qa5 21. Qd2 b5 22. Ne4 Qxd2 23. Bxd2 Bf8 24. Bf4 bxc4 25. bxc4 e5 26. dxe5 dxe5 27. Ng5+ Kg7 28. Rxe5 Rxe5 29. Bxe5+ f6 30. Ba1 Ba3 31. Rd1 Bf5 32. Bd5 Ne7 33. Ne6+ Bxe6 34. Bxe6 Rc7 35. Kg2 Nc6 36. Rd7+ Rxd7 37. Bxd7 Ne5 38. Be6 Nd3 39. Bc8 a5 40. Bd4 Nc1 41. c5 Nxa2 42. c6 Bd6 43. Bb6 Nb4 44. Bb7 a4 45. c7 Bxc7 46. Bxc7 a3 47. Bb6 a2 48. Bd4 Nc2 49. Bc3 a1=Q 50. Bxa1 Nxa1 51. Kf3 Nb3 52. Ke3 Nc5 53. Bd5 Kf8 54. Kd4 Nd7 55. Be6 Ne5 56. f4 Nc6+ 57. Kd5 Nb4+ 58. Kd6 Nd3 59. Bd5 Kg7 60. Be4 Nf2 61. Bg2 Nd3 62. Kd5 Nb4+ 63. Kc5 Nd3+ 64. Kc4 Nb2+ 65. Kd4 Na4 66. Bc6 Nb6 67. Kc5 Nc8 68. Bd7 Ne7 69. Kd6 Ng8 70. Be6 Nh6 71. h4 Nf7+ 72. Ke7 Nh6 73. Ke8 f5 74. Ke7 Ng4 75. Kd6 Ne3 76. Ke5 Nf1 77. Bxf5 gxf5 78. Kxf5 Nxg3+ 79. Kg5 Ne2 80. Kxh5 Nxf4+ 81. Kg4 Ng6 82. h5 Ne5+ 83. Kg3 Nf7 84. h6+ Kxh6 1/2-1/2


[Site "https://www.chess.com"]

[Event "Titled Tuesday Blitz April 19 Early 2022"]
[White "Kamsky, Gata"]
[Black "Kozak, Antoni"]
[WhiteFideId "2000024"]
[BlackFideId "21832030"]
[WhiteElo "2645"]
[BlackElo "2236"]
[Result "1/2-1/2"]
[Round "04"]
[TimeControl "180+1"]
[Date "2022.04.19"]
[WhiteClock "0:00:15"]
[BlackClock "0:00:04"]

1. e4 c6 2. d4 d5 3. exd5 cxd5 4. Bd3 Nc6 5. c3 Qc7 6. Ne2 Bg4 7. O-O e6 8. Qe1 Bd6 9. f3 Bh5 10. Qh4 Bg6 11. Bxg6 fxg6 12. Bf4 Nf6 13. Bxd6 Qxd6 14. Qf4 e5 15. dxe5 Nxe5 16. Nd4 O-O 17. Na3 a6 18. Rad1 Rae8 19. Rfe1 Qb8 20. Nac2 h6 21. Qh4 Nc4 22. b3 Nd6 23. Qg3 Kh7 24. Rxe8 Rxe8 25. Re1 Rxe1+ 26. Qxe1 Qc8 27. Nb4 Qc5 28. Nd3 Qc8 29. h3 Nf5 30. Nxf5 Qxf5 31. Qe3 Qc8 32. Qd4 Qe8 33. Kf2 Qb8 34. Nf4 Qc7 35. h4 b5 36. g3 Qa5 37. Qd2 d4 38. Qxd4 Qxa2+ 39. Kg1 Qxb3 40. Qd3 Kg8 41. Qd8+ Kh7 42. Qd3 Kg8 43. Qd8+ Kh7 44. Qd3 1/2-1/2


[Site "https://www.chess.com"]

[Event "Titled Tuesday Blitz April 19 Early 2022"]
[White "Kobo, Ori"]
[Black "Kosteniuk, Alexandra"]
[WhiteFideId "2812320"]
[BlackFideId "4128125"]
[WhiteElo "2420"]
[BlackElo "2469"]
[Result "1-0"]
[Round "04"]
[TimeControl "180+1"]
[Date "2022.04.19"]
[WhiteClock "0:00:09"]
[BlackClock "0:00:10"]

1. Nf3 Nf6 2. c4 c5 3. d4 cxd4 4. Nxd4 Nc6 5. Nc3 Qb6 6. Nb3 e6 7. a3 d5 8. Be3 Qd8 9. cxd5 exd5 10. g3 Be7 11. Bg2 Be6 12. O-O O-O 13. Rc1 Ng4 14. Bd4 Rc8 15. h3 Nf6 16. Qd3 Qd7 17. Kh2 Rfd8 18. Rfd1 Bf5 19. Qd2 Ne4 20. Qe3 Nxd4 21. Nxd4 Nxc3 22. Rxc3 Rxc3 23. Qxc3 Be6 24. Rc1 Bd6 25. e3 h5 26. h4 Qe7 27. Kg1 Rc8 28. Qd2 Rxc1+ 29. Qxc1 Bc5 30. Qc3 b6 31. b4 Bd6 32. Qc6 a5 33. Qxb6 axb4 34. axb4 Bg4 35. Nc6 Qf6 36. Qd4 Qg6 37. Bxd5 Qb1+ 38. Kg2 Be2 39. Kh2 Qf1 40. Bg2 Qxf2 41. Qxd6 Bf3 42. Qd8+ Kh7 43. Qd3+ g6 44. Qf1 Qxf1 45. Bxf1 Bxc6 46. b5 Bb7 47. Kg1 Kg7 48. Kf2 Kf6 49. Bg2 Bxg2 50. Kxg2 Ke6 51. Kf3 Kd5 52. Kf4 f6 53. e4+ Kc5 54. e5 fxe5+ 55. Kxe5 Kxb5 56. Kf6 1-0


[Site "https://www.chess.com"]

[Event "Titled Tuesday Blitz April 19 Early 2022"]
[White "Koelle, Tobias"]
[Black "Paravyan, David"]
[WhiteFideId "16207378"]
[BlackFideId "4194985"]
[WhiteElo "2541"]
[BlackElo "2569"]
[Result "1/2-1/2"]
[Round "04"]
[TimeControl "180+1"]
[Date "2022.04.19"]
[WhiteClock "0:00:53"]
[BlackClock "0:00:08"]

1. Nf3 Nf6 2. c4 c5 3. Nc3 d5 4. cxd5 Nxd5 5. g3 Nc6 6. Bg2 Nxc3 7. bxc3 e5 8. d3 Be7 9. Rb1 O-O 10. O-O Qc7 11. c4 Rb8 12. Nd2 f5 13. Bb2 Bf6 14. Re1 b6 15. Nf1 f4 16. Nd2 Bb7 17. Ne4 Nd4 18. e3 fxe3 19. fxe3 Ne6 20. Qg4 Qe7 21. Rf1 Kh8 22. Rf2 Ng5 23. Rbf1 Nxe4 24. Bxe4 Bxe4 25. Qxe4 Kg8 26. Rf5 Rbe8 27. g4 g6 28. R5f3 Bg7 29. Qd5+ Qe6 30. Rxf8+ Bxf8 31. Qe4 Bg7 32. h3 Rd8 33. Kg2 Qd7 34. Rd1 Rf8 35. Rf1 Rd8 36. Rd1 Rf8 37. Bc3 Qf7 38. Qd5 Qxd5+ 39. cxd5 b5 40. a3 Rc8 41. Rb1 a6 42. Ba5 Bf8 43. Kf3 c4 44. dxc4 Rxc4 45. Rd1 e4+ 46. Ke2 Bd6 47. Bb4 Bxb4 48. axb4 Kf7 49. Ra1 Rxb4 50. Rxa6 Rb2+ 51. Ke1 Rb3 52. Kd2 Rd3+ 53. Ke2 Rxd5 54. Ra7+ Kf6 55. Rxh7 Rc5 56. Kd2 Rd5+ 57. Ke2 Rc5 58. Kd2 Rd5+ 59. Ke2 1/2-1/2


[Site "https://www.chess.com"]

[Event "Titled Tuesday Blitz April 19 Early 2022"]
[White "Korchmar, Vasiliy"]
[Black "Chernobay, Artem"]
[WhiteFideId "24131750"]
[BlackFideId "4167406"]
[WhiteElo "2370"]
[BlackElo "2473"]
[Result "0-1"]
[Round "04"]
[TimeControl "180+1"]
[Date "2022.04.19"]
[WhiteClock "0:01:31"]
[BlackClock "0:00:17"]

1. d4 Nf6 2. Bf4 d5 3. e3 c5 4. Nf3 Nc6 5. Nbd2 e6 6. c3 Bd6 7. Bg3 O-O 8. Bd3 b6 9. Qe2 Bb7 10. Rd1 cxd4 11. exd4 Ne7 12. Ne5 Nf5 13. Bf4 Be7 14. O-O Nd6 15. f3 Nh5 16. Be3 Nf5 17. Bf2 Nf4 18. Qe1 Nxd3 19. Nxd3 Ba6 20. Qe2 Bd6 21. Rfe1 Re8 22. Nf1 Qc7 23. Qd2 Rac8 24. Ne5 f6 25. Ng4 Bf4 26. Qc2 Bxf1 27. Kxf1 h5 28. Rxe6 Rxe6 29. Qxf5 Rce8 30. Ne3 Bxe3 31. Bxe3 Rxe3 32. Qxd5+ Qf7 33. Qf5 h4 34. h3 Re2 35. d5 Rxb2 36. d6 Qc4+ 37. Kg1 Rxg2+ 38. Kh1 Rh2+ 39. Kg1 Qe2 40. Qd5+ Kf8 41. f4 Qf2# 0-1


[Site "https://www.chess.com"]

[Event "Titled Tuesday Blitz April 19 Early 2022"]
[White "Krishna, C R G"]
[Black "Alekseenko, Kirill"]
[WhiteFideId "5018625"]
[BlackFideId "4135539"]
[WhiteElo "2332"]
[BlackElo "2682"]
[Result "0-1"]
[Round "04"]
[TimeControl "180+1"]
[Date "2022.04.19"]
[WhiteClock "0:00:15"]
[BlackClock "0:00:13"]

1. d4 d5 2. c4 dxc4 3. e3 e5 4. Bxc4 Nc6 5. d5 Nce7 6. Nc3 a6 7. a4 Ng6 8. Nf3 Bd6 9. O-O Nf6 10. Qe2 O-O 11. Nd2 Bg4 12. f3 Bf5 13. Nde4 Nxe4 14. fxe4 Bd7 15. Bd2 Qg5 16. Kh1 h5 17. Bd3 h4 18. Rf2 Bg4 19. Qf1 Ne7 20. Rc1 f6 21. Ne2 Bd7 22. Ng1 Bxa4 23. Nf3 Qh6 24. Qe1 Bd7 25. Rf1 h3 26. g3 c5 27. Nh4 b5 28. Nf5 Nxf5 29. exf5 c4 30. Be4 a5 31. g4 a4 32. Rf3 a3 33. bxa3 Rxa3 34. Qf1 Qg5 35. Qg1 Ra2 36. Rc2 Rxc2 37. Bxc2 b4 38. Rxh3 c3 39. Rh5 cxd2 40. Rxg5 fxg5 41. Qd1 Rb8 42. Bb3 Rc8 43. Qxd2 Rc3 44. Qa2 Kf7 45. Qa7 Ke7 46. Ba4 Rc7 47. Qa6 Rc1+ 48. Kg2 Ra1 49. f6+ gxf6 50. Qd3 Rxa4 51. Qh7+ Kd8 52. Qh8+ Kc7 53. Qxf6 b3 54. Qg6 Rxg4+ 55. Kf3 Rb4 56. Qd3 e4+ 0-1


[Site "https://www.chess.com"]

[Event "Titled Tuesday Blitz April 19 Early 2022"]
[White "Le, Tuan Minh"]
[Black "Rustemov, Alexander"]
[WhiteFideId "12401153"]
[BlackFideId "4119002"]
[WhiteElo "2450"]
[BlackElo "2771"]
[Result "1/2-1/2"]
[Round "04"]
[TimeControl "180+1"]
[Date "2022.04.19"]
[WhiteClock "0:00:04"]
[BlackClock "0:00:09"]

1. d4 d5 2. Nf3 Nf6 3. Bf4 c5 4. c3 Qb6 5. Qc2 Nc6 6. e3 g6 7. Nbd2 Bf5 8. dxc5 Qxc5 9. Qb3 Na5 10. Qa4+ Bd7 11. Nb3 Nxb3 12. Qxb3 Bc6 13. Be2 Bg7 14. O-O O-O 15. Rfd1 Rfd8 16. Rac1 b5 17. Ne5 Be8 18. Bf3 Rac8 19. h3 e6 20. a3 a5 21. Qa2 Ne4 22. Qb1 Nd6 23. Qd3 a4 24. Qe2 f6 25. Nd3 Qb6 26. Nb4 Nc4 27. e4 d4 28. cxd4 Rxd4 29. Bg3 Rxd1+ 30. Rxd1 e5 31. Nd5 Qc5 32. Bg4 Rc6 33. h4 h5 34. Bh3 Bf7 35. Kh2 Rd6 36. f3 Bxd5 37. exd5 f5 38. Bf2 Qc7 39. g3 Qd7 40. g4 hxg4 41. fxg4 e4 42. gxf5 gxf5 43. Qh5 Rxd5 44. Rxd5 Qxd5 45. Bxf5 Kf8 46. Qg4 e3 47. Be6 Qd6+ 48. Bg3 Be5 49. Qg8+ Ke7 50. Qf7+ Kd8 51. Qg8+ Kc7 52. Qc8+ Kb6 53. Bxe5 Nxe5 54. Kg2 Qd2+ 55. Kh3 Qd4 56. Qb8+ Kc6 57. Qc8+ Kb6 58. Qb8+ Kc6 59. Qc8+ Kb6 1/2-1/2


[Site "https://www.chess.com"]

[Event "Titled Tuesday Blitz April 19 Early 2022"]
[White "Lysyj, Igor"]
[Black "Zhigalko, Sergei"]
[WhiteFideId "4150120"]
[BlackFideId "13502956"]
[WhiteElo "2611"]
[BlackElo "2662"]
[Result "0-1"]
[Round "04"]
[TimeControl "180+1"]
[Date "2022.04.19"]
[WhiteClock "0:01:31"]
[BlackClock "0:00:07"]

1. d4 Nf6 2. c4 e6 3. Nf3 b6 4. g3 Ba6 5. Qc2 Bb4+ 6. Bd2 Be7 7. e4 d5 8. cxd5 Bxf1 9. Kxf1 exd5 10. e5 Ne4 11. Kg2 Qd7 12. h4 c5 13. Nc3 Nxc3 14. Bxc3 Nc6 15. Rad1 c4 16. Ng5 Bxg5 17. hxg5 g6 18. b3 Nd8 19. bxc4 Rc8 20. c5 bxc5 21. dxc5 Rxc5 22. Qd2 Ne6 23. Bb4 Rc4 24. Bd6 d4 25. Rc1 Qc6+ 26. Kh2 h6 27. gxh6 g5 0-1


[Site "https://www.chess.com"]

[Event "Titled Tuesday Blitz April 19 Early 2022"]
[White "Matlakov, Maxim"]
[Black "Sanal, Vahap"]
[WhiteFideId "4168003"]
[BlackFideId "6300545"]
[WhiteElo "2669"]
[BlackElo "2603"]
[Result "1-0"]
[Round "04"]
[TimeControl "180+1"]
[Date "2022.04.19"]
[WhiteClock "0:00:10"]
[BlackClock "0:00:04"]

1. d4 Nf6 2. Nf3 g6 3. g3 Bg7 4. Bg2 O-O 5. O-O d6 6. Re1 Nbd7 7. c4 e5 8. Nc3 c6 9. e4 exd4 10. Nxd4 Re8 11. h3 Nc5 12. b3 a5 13. Bf4 Nh5 14. Be3 Nf6 15. Qc2 Qc7 16. Rad1 Bd7 17. f4 Rad8 18. Bf2 Bc8 19. Nf3 b6 20. Nd4 Ne6 21. Nxe6 Bxe6 22. Bd4 Nh5 23. Bxg7 Nxg7 24. g4 f5 25. exf5 gxf5 26. g5 Bc8 27. Qf2 Be6 28. Ne2 d5 29. cxd5 Bxd5 30. Ng3 Bxg2 31. Kxg2 Rxe1 32. Rxe1 c5 33. h4 Qc6+ 34. Kh3 Rd3 35. Re3 Rd1 36. Qe2 Rd7 37. h5 h6 38. g6 Kf8 39. Re5 b5 40. Qe3 c4 41. Rc5 Qd6 42. Nxf5 Nxf5 43. Rxf5+ Kg7 44. Rxb5 Qd3 45. Re5 c3 46. Qxd3 Rxd3+ 47. Kg4 Kf6 48. Rc5 a4 49. bxa4 Re3 50. Rc6+ Kg7 51. f5 Re4+ 52. Kf3 Rxa4 53. f6+ 1-0


[Site "https://www.chess.com"]

[Event "Titled Tuesday Blitz April 19 Early 2022"]
[White "Meshkovs, Nikita"]
[Black "Maksimenko, Viktor"]
[WhiteFideId "11602740"]
[BlackFideId "13710478"]
[WhiteElo "2506"]
[BlackElo "2269"]
[Result "1-0"]
[Round "04"]
[TimeControl "180+1"]
[Date "2022.04.19"]
[WhiteClock "0:00:40"]
[BlackClock "0:00:49"]

1. e4 c6 2. d4 d5 3. e5 Bf5 4. h4 h5 5. Bd3 Bxd3 6. Qxd3 Qa5+ 7. Nd2 e6 8. Nf3 Nh6 9. O-O Nf5 10. c4 Qa6 11. b3 c5 12. Bb2 Nc6 13. dxc5 Bxc5 14. a3 Rd8 15. Qe2 Ncd4 16. Nxd4 Bxd4 17. Bxd4 Nxd4 18. Qd3 dxc4 19. Nxc4 Nf5 20. Qf3 Nxh4 21. Qh3 Nf5 22. Rad1 O-O 23. Qxh5 b5 24. Nd2 g6 25. Qg5 Qc6 26. Nf3 Qc5 27. Rxd8 1-0


[Site "https://www.chess.com"]